[Event "Titled Tuesday Blitz December 7 2021"]
[White "Terry, Renato"]
[Black "Mitusov, Semen"]
[WhiteFideId "3803457"]
[BlackFideId "14151049"]
[WhiteElo "2577"]
[BlackElo "2246"]
[Result "1-0"]
[Round "07"]
[TimeControl "180+1"]
[Date "2021.12.07"]
[WhiteClock "0:00:05"]
[BlackClock "0:00:07"]

1. e4 e5 2. Nf3 Nc6 3. c3 Nf6 4. d4 exd4 5. e5 Ne4 6. Qe2 d5 7. exd6 f5 8. Nxd4 Nxd4 9. cxd4 Bxd6 10. f3 O-O 11. fxe4 fxe4 12. Nc3 Qh4+ 13. g3 Bxg3+ 14. hxg3 Qxh1 15. Bf4 h5 16. O-O-O Bg4 17. Qc4+ Kh8 18. Be2 Qh3 19. Bxc7 Rac8 20. Bxg4 Qxg4 21. d5 Qg5+ 22. Kb1 e3 23. d6 Qf5+ 24. Qd3 Qe5 25. Rh1 Rfe8 26. Qe2 g6 27. g4 Kg7 28. gxh5 Rh8 29. Qg4 Qf6 30. h6+ Kh7 31. Qd7+ Kg8 32. Qxc8+ Kf7 33. Qd7+ Kf8 34. Bd8 Qf3 35. Qe7+ Kg8 36. Qg7# 1-0


[Site "https://www.chess.com"]

[Event "Titled Tuesday Blitz December 7 2021"]
[White "Vakhlamov, Igor L."]
[Black "Gunduz, Umut Erdem"]
[WhiteFideId "24126748"]
[BlackFideId "6381383"]
[WhiteElo "2416"]
[BlackElo "2096"]
[Result "1-0"]
[Round "07"]
[TimeControl "180+1"]
[Date "2021.12.07"]
[WhiteClock "0:01:37"]
[BlackClock "0:01:46"]

1. e4 e5 2. Nf3 Nc6 3. Nc3 Nf6 4. Bb5 Bb4 5. Nd5 Nxd5 6. exd5 Nd4 7. Nxd4 exd4 8. a3 Bd6 9. O-O Qh4 10. Re1+ Kf8 11. g3 Qf6 12. b4 h5 13. d3 h4 14. Qg4 hxg3 15. hxg3 c6 16. Bc4 Rh2 17. Qe2 1-0


[Site "https://www.chess.com"]

[Event "Titled Tuesday Blitz December 7 2021"]
[White "Valle Maytin, Luis Enrique"]
[Black "Sinitsina, Anastassia"]
[WhiteFideId "3503666"]
[BlackFideId "4504640"]
[WhiteElo "2332"]
[BlackElo "2161"]
[Result "0-1"]
[Round "07"]
[TimeControl "180+1"]
[Date "2021.12.07"]
[WhiteClock "0:00:11"]
[BlackClock "0:00:10"]

1. e4 e5 2. Nf3 Nc6 3. Bb5 a6 4. Ba4 Nf6 5. O-O b5 6. Bb3 Be7 7. c3 O-O 8. d4 d6 9. d5 Na5 10. Bc2 Bg4 11. h3 Bh5 12. a4 c6 13. b4 Nc4 14. dxc6 Qc7 15. Nbd2 Qxc6 16. Nxc4 Qxc4 17. Qd3 Rac8 18. Bd2 Bg6 19. Rfe1 Qc6 20. axb5 axb5 21. Qe3 Nd7 22. Ra7 Nb6 23. Rxe7 Nc4 24. Qe2 Ra8 25. Bb3 Rfc8 26. Bxc4 bxc4 27. Nh4 Kf8 28. Nxg6+ hxg6 29. Bg5 f6 30. Bxf6 gxf6 31. Rh7 Kg8 32. Rh4 Ra3 33. Qg4 Kg7 34. Re3 Rca8 35. Rg3 Qe8 36. Qh5 g5 37. Qh7+ Kf8 38. Qh8+ Ke7 39. Rh7+ Ke6 40. Qg7 R3a7 41. Qh6 Rxh7 42. Qxh7 Qf7 43. Qf5+ Ke7 44. h4 gxh4 45. Rh3 Qe6 46. Qxe6+ Kxe6 47. Rxh4 Ra3 48. Rh3 Rb3 49. Re3 f5 50. f3 f4 51. Re2 Rxc3 52. Rb2 Rb3 53. Rc2 Rxb4 54. Kf2 Kd7 55. Ke2 Kc6 56. Kd2 Kc5 57. Kc3 Rb3+ 58. Kd2 Kd4 59. Ke2 c3 60. Kd1 Rb2 61. Kc1 Rxc2+ 62. Kxc2 Ke3 63. Kxc3 Kf2 64. Kc4 Kxg2 65. Kd5 Kxf3 66. Kxd6 Kxe4 67. Ke6 f3 68. Kf6 f2 69. Kg5 0-1


[Site "https://www.chess.com"]

[Event "Titled Tuesday Blitz December 7 2021"]
[White "Vidit, Santosh Gujrathi"]
[Black "Maksimenko, Viktor"]
[WhiteFideId "5029465"]
[BlackFideId "13710478"]
[WhiteElo "2628"]
[BlackElo "2269"]
[Result "1-0"]
[Round "07"]
[TimeControl "180+1"]
[Date "2021.12.07"]
[WhiteClock "0:00:10"]
[BlackClock "0:00:05"]

1. e4 c6 2. d4 d5 3. e5 Bf5 4. Nf3 e6 5. Be2 Nd7 6. O-O a6 7. Nbd2 h6 8. Nb3 c5 9. Be3 Rc8 10. c3 c4 11. Nbd2 Ne7 12. Ne1 Bh7 13. f4 g5 14. Bh5 Nf5 15. Qe2 Be7 16. g4 Nxe3 17. Qxe3 Bg6 18. Bxg6 fxg6 19. f5 gxf5 20. gxf5 exf5 21. Rxf5 Nf8 22. Qf3 Ne6 23. Ng2 Qa5 24. Nf1 Kd7 25. Nfe3 Nc7 26. Rf7 Rcf8 27. Qf5+ Ne6 28. Rxf8 Rxf8 29. Qh7 Qb5 30. Rb1 Qa4 31. Nxd5 Re8 32. Nf6+ Kd8 33. Nxe8 Kxe8 34. a3 Qb3 35. Qf5 Nc7 36. Ne3 Bxa3 37. Qc8+ Kf7 38. Qxc7+ Kg6 1-0


[Site "https://www.chess.com"]

[Event "Titled Tuesday Blitz December 7 2021"]
[White "Villalba, Marcelo"]
[Black "Golubka, Petro"]
[WhiteFideId "3701859"]
[BlackFideId "14114224"]
[WhiteElo "2160"]
[BlackElo "2392"]
[Result "0-1"]
[Round "07"]
[TimeControl "180+1"]
[Date "2021.12.07"]
[WhiteClock "0:00:04"]
[BlackClock "0:00:23"]

1. e4 c5 2. Nf3 d6 3. d4 cxd4 4. Nxd4 Nf6 5. Nc3 a6 6. Be3 h5 7. Bc4 e6 8. Bb3 b5 9. f3 Be7 10. Qd2 Bd7 11. O-O-O Qc7 12. Kb1 Nc6 13. Nxc6 Bxc6 14. Ne2 d5 15. e5 Nd7 16. f4 b4 17. Nd4 g6 18. Rc1 Nc5 19. Nxc6 Qxc6 20. Bxc5 Bxc5 21. c3 Qb6 22. Qd3 Be3 23. Rce1 Bxf4 24. Qf3 Bd2 25. Re2 bxc3 26. bxc3 Bg5 27. Ka1 h4 28. Rf1 Ra7 29. Qg4 Rh5 30. Bxd5 exd5 31. e6 f5 32. Qf3 Qc5 33. Rb1 Bf6 34. Rb8+ Ke7 35. Rc2 Qg1+ 36. Kb2 Qxh2 37. Qe3 Qxb8+ 0-1


[Site "https://www.chess.com"]

[Event "Titled Tuesday Blitz December 7 2021"]
[White "Wadsworth, Matthew J"]
[Black "Azadaliyev, Jahandar"]
[WhiteFideId "415804"]
[BlackFideId "13425811"]
[WhiteElo "2293"]
[BlackElo "1795"]
[Result "0-1"]
[Round "07"]
[TimeControl "180+1"]
[Date "2021.12.07"]
[WhiteClock "0:00:04"]
[BlackClock "0:00:17"]

1. c4 Nf6 2. g3 e6 3. Bg2 d5 4. Nf3 b6 5. O-O Bb7 6. b3 Nbd7 7. Bb2 Be7 8. e3 O-O 9. Nc3 c5 10. Qe2 a6 11. Rfd1 Re8 12. cxd5 Nxd5 13. Nxd5 Bxd5 14. e4 Bb7 15. d4 Rc8 16. dxc5 Bxc5 17. Ne5 Rc7 18. Rac1 Bc8 19. Qg4 f6 20. Nxd7 Rxd7 21. Rxd7 Bxd7 22. Rd1 Qe7 23. Bf1 Bc6 24. Bc4 b5 25. Be2 Ba7 26. Qf4 e5 27. Qg4 Qc5 28. Qf3 a5 29. Rc1 Qb6 30. Ba3 b4 31. Bc4+ Kh8 32. Bb2 Bxe4 0-1


[Site "https://www.chess.com"]

[Event "Titled Tuesday Blitz December 7 2021"]
[White "Walter, Szymon"]
[Black "Gasanov, Eldar"]
[WhiteFideId "1172590"]
[BlackFideId "14104466"]
[WhiteElo "2227"]
[BlackElo "2454"]
[Result "0-1"]
[Round "07"]
[TimeControl "180+1"]
[Date "2021.12.07"]
[WhiteClock "0:00:35"]
[BlackClock "0:00:25"]

1. Nf3 d5 2. g3 Bf5 3. Bg2 e6 4. O-O Nf6 5. c4 c6 6. b3 h6 7. Bb2 Be7 8. d3 O-O 9. Nbd2 a5 10. Rc1 a4 11. Re1 axb3 12. axb3 Bb4 13. Ra1 Nbd7 14. Qc2 Qb6 15. e4 dxe4 16. dxe4 Bh7 17. Bc3 Rxa1 18. Rxa1 Bxc3 19. Qxc3 Nxe4 20. Nxe4 Bxe4 21. Rd1 Nf6 22. Ne5 Rd8 23. Rxd8+ Qxd8 24. Bxe4 Qd1+ 25. Kg2 Nxe4 26. Qe3 Qc2 27. Nd7 Nd2 28. Qc5 Qe4+ 29. Kh3 Qf5+ 30. Qxf5 exf5 31. Nc5 b6 32. Na4 b5 33. cxb5 cxb5 34. Nc3 b4 35. Nd5 Nxb3 36. Nxb4 g6 37. Nd5 Nd2 38. g4 fxg4+ 39. Kxg4 Kg7 40. h4 Ne4 41. f3 Nf6+ 42. Nxf6 Kxf6 43. h5 Ke5 44. Kg3 gxh5 45. Kh4 Kf4 46. Kxh5 Kxf3 47. Kxh6 f5 48. Kg5 f4 0-1


[Site "https://www.chess.com"]

[Event "Titled Tuesday Blitz December 7 2021"]
[White "Xiong, Jeffery"]
[Black "Holt, Conrad"]
[WhiteFideId "2047640"]
[BlackFideId "2034387"]
[WhiteElo "3060"]
[BlackElo "2858"]
[Result "1-0"]
[Round "07"]
[TimeControl "180+1"]
[Date "2021.12.07"]
[WhiteClock "0:00:13"]
[BlackClock "0:00:04"]

1. e4 e6 2. d4 d5 3. Nc3 Nf6 4. Bg5 dxe4 5. Nxe4 Be7 6. Bxf6 Bxf6 7. Nf3 Nd7 8. Bd3 c5 9. Qe2 Qa5+ 10. c3 cxd4 11. Nxf6+ Nxf6 12. Nxd4 O-O 13. O-O e5 14. Nb5 e4 15. Bc4 Bg4 16. Qe3 Be6 17. Bxe6 fxe6 18. Nd6 Qe5 19. Rad1 Nd5 20. Qc5 b6 21. Qc6 Rad8 22. Nc4 Qf6 23. Ne3 Nxe3 24. Rxd8 Qxd8 25. Qxe6+ Kh8 26. fxe3 Rxf1+ 27. Kxf1 Qd1+ 28. Kf2 Qd2+ 29. Kg3 Qxe3+ 30. Kg4 h6 31. Qc8+ Kh7 32. Qf5+ Kg8 33. Qe6+ Kf8 34. Qd6+ Kf7 35. Qf4+ Qxf4+ 36. Kxf4 Kf6 37. Kxe4 h5 38. c4 h4 39. b4 Ke6 40. c5 bxc5 41. bxc5 g5 42. h3 a6 43. a3 Kd7 44. Kf5 Kc6 45. Kxg5 Kxc5 46. Kxh4 Kb5 47. g4 1-0


[Site "https://www.chess.com"]

[Event "Titled Tuesday Blitz December 7 2021"]
[White "Yilmaz, Mustafa"]
[Black "Ivanchuk, Vasyl"]
[WhiteFideId "6302718"]
[BlackFideId "14100010"]
[WhiteElo "2995"]
[BlackElo "2804"]
[Result "0-1"]
[Round "07"]
[TimeControl "180+1"]
[Date "2021.12.07"]
[WhiteClock "0:00:05"]
[BlackClock "0:00:06"]

1. d4 Nf6 2. c4 e6 3. Nf3 d5 4. Nc3 Be7 5. Bf4 O-O 6. e3 Nbd7 7. c5 c6 8. Bd3 b6 9. b4 a5 10. a3 Ba6 11. O-O Qc8 12. h3 Bxd3 13. Qxd3 Qa6 14. Qxa6 Rxa6 15. b5 cxb5 16. c6 Rc8 17. cxd7 Rxc3 18. Rfc1 Rc4 19. Ne5 Ra7 20. Bg5 Kf8 21. Rab1 Rb7 22. Rd1 Nxd7 23. Bxe7+ Kxe7 24. Nxc4 bxc4 25. Rb5 Kd6 26. Rdb1 Kc6 27. Kf1 Nf6 28. f3 Ne8 29. a4 Nd6 30. R5b2 b5 31. axb5+ Rxb5 32. Ke2 a4 33. Kd2 Kb6 34. Kc3 Ka5 35. Rxb5+ Nxb5+ 36. Kd2 a3 37. Kc2 Ka4 38. h4 a2 39. Re1 Ka3 40. g4 h6 41. Rg1 Nd6 42. Kc3 Nb7 43. h5 Na5 44. g5 Nb3 45. gxh6 gxh6 46. e4 a1=Q+ 47. Rxa1+ Nxa1 48. e5 Nb3 49. f4 Na5 50. f5 Nc6 51. f6 Ka4 0-1


[Site "https://www.chess.com"]

[Event "Titled Tuesday Blitz December 7 2021"]
[White "Yoo, Christopher Woojin"]
[Black "Samadov, Read"]
[WhiteFideId "30909694"]
[BlackFideId "13417444"]
[WhiteElo "2963"]
[BlackElo "2796"]
[Result "1/2-1/2"]
[Round "07"]
[TimeControl "180+1"]
[Date "2021.12.07"]
[WhiteClock "0:00:02"]
[BlackClock "0:00:05"]

1. e4 c5 2. Nf3 d6 3. d4 cxd4 4. Nxd4 Nf6 5. Nc3 a6 6. h4 Nbd7 7. g4 d5 8. exd5 Nb6 9. g5 Nfxd5 10. Bg2 Nxc3 11. bxc3 e5 12. Qe2 Bd6 13. O-O O-O 14. Nb3 Qc7 15. Be3 Be6 16. Bxb6 Qxb6 17. Rfd1 Rac8 18. Rab1 Qc7 19. Bd5 Bxd5 20. Rxd5 Rfd8 21. Rbd1 Be7 22. Rxd8+ Rxd8 23. Rxd8+ Bxd8 24. c4 Be7 25. Qe4 g6 26. Nc1 f5 27. Qd5+ Kf8 28. Ne2 Qc6 29. Qxe5 Qxc4 30. Nf4 Kf7 31. Kg2 b5 32. Qd5+ Qxd5+ 33. Nxd5 Bd6 34. Kf3 Ke6 35. Nf6 h6 36. Nh7 hxg5 37. Nxg5+ Kf6 38. Nh3 a5 39. Nf4 g5 40. hxg5+ Kxg5 41. Nd5 Kg6 42. c3 Kf7 43. Ne3 Ke6 44. Ke2 Bc5 45. Kd3 Bxe3 46. Kxe3 Ke5 47. a3 f4+ 48. Kd3 Kd5 49. f3 a4 50. Kd2 Kc4 51. Kc2 Kc5 52. Kd3 Kd5 53. Kd2 Kc5 54. Kc1 Kc6 55. Kd2 Kd6 56. Kd3 Kd5 1/2-1/2


[Site "https://www.chess.com"]

[Event "Titled Tuesday Blitz December 7 2021"]
[White "Yurovskykh, Oleksandr"]
[Black "Rustemov, Alexander"]
[WhiteFideId "14134020"]
[BlackFideId "4119002"]
[WhiteElo "2292"]
[BlackElo "2742"]
[Result "1/2-1/2"]
[Round "07"]
[TimeControl "180+1"]
[Date "2021.12.07"]
[WhiteClock "0:00:08"]
[BlackClock "0:00:06"]

1. d4 d5 2. Bf4 Nf6 3. e3 e6 4. Nd2 Bd6 5. Bg3 O-O 6. Ngf3 b6 7. Bd3 Ba6 8. c4 dxc4 9. Nxc4 Bb4+ 10. Ke2 Qd5 11. Qb3 Be7 12. Ncd2 Bxd3+ 13. Qxd3 c5 14. Rhc1 Nbd7 15. Bh4 Rfc8 16. dxc5 Qxd3+ 17. Kxd3 Nxc5+ 18. Ke2 Na4 19. b3 Nc3+ 20. Kf1 Ba3 21. Rc2 Nce4 22. Rxc8+ Rxc8 23. Bxf6 Nxf6 24. Nc4 Be7 25. a4 Ne4 26. Rd1 Nc5 27. Nd4 Bf6 28. Rb1 Bxd4 29. exd4 Nxb3 30. Rxb3 Rxc4 31. a5 Rc6 32. axb6 axb6 33. Ke2 g6 34. Rb5 Rd6 35. Ke3 Kg7 36. h4 h5 37. g3 Kf6 38. Rb1 Ke7 39. Ra1 Rd7 40. Ra8 Rb7 41. Kd3 b5 42. Kc3 b4+ 43. Kb3 Kd6 44. Rd8+ Kc6 45. f3 Kb5 46. d5 exd5 47. Rxd5+ Kc6 48. Rd4 Kc5 49. Rc4+ Kd5 50. g4 hxg4 51. fxg4 f5 52. gxf5 gxf5 53. Rxb4 Rc7 54. h5 Ke5 55. Rh4 Kf6 56. h6 Rh7 57. Kc4 Kg5 58. Rh1 Rxh6 59. Rg1+ Kf4 60. Kd3 Re6 61. Rf1+ Kg4 62. Rg1+ Kf3 63. Rf1+ Kg4 64. Rg1+ Kh4 65. Rf1 Re5 66. Kd4 Ra5 67. Ke3 Kg3 68. Rg1+ Kh2 69. Rg5 Kh3 70. Kf4 Kh4 71. Rxf5 Rxf5+ 72. Kxf5 1/2-1/2


[Site "https://www.chess.com"]

[Event "Titled Tuesday Blitz December 7 2021"]
[White "Zhigalko, Sergei"]
[Black "Bayasgalan, Khishigbaatar"]
[WhiteFideId "13502956"]
[BlackFideId "4904311"]
[WhiteElo "2662"]
[BlackElo "1624"]
[Result "1/2-1/2"]
[Round "07"]
[TimeControl "180+1"]
[Date "2021.12.07"]
[WhiteClock "0:00:03"]
[BlackClock "0:00:37"]

1. e4 e6 2. d4 d5 3. e5 c5 4. c3 Nc6 5. Nf3 Qb6 6. a3 c4 7. Nbd2 Na5 8. Be2 Bd7 9. O-O g6 10. h4 h5 11. Ng5 Bg7 12. Rb1 Nb3 13. Nxb3 cxb3 14. c4 dxc4 15. Bxc4 Ne7 16. Bxb3 Nf5 17. d5 O-O 18. dxe6 Bxe6 19. Bxe6 fxe6 20. Qd7 Rae8 21. Bd2 Rd8 22. Qxe6+ Qxe6 23. Nxe6 Rxd2 24. Nxf8 Kxf8 25. Rfd1 Rxd1+ 26. Rxd1 Bxe5 27. b4 Ke7 28. g3 Bb2 29. a4 Ba3 30. b5 Bc5 31. Kg2 Nd6 32. Re1+ Kf6 33. f3 b6 34. g4 Nc4 35. Re4 Ne3+ 36. Kh3 Nd5 37. Kg3 Bd6+ 38. Kf2 Bc5+ 39. Kg2 Nc3 40. Rc4 Nd5 41. Kh3 Ne3 42. Re4 Nd5 43. Kg2 Nc3 44. Rc4 Ne2 45. Kh3 Nd4 46. Kg3 Ke5 47. Kh3 Kf4 48. gxh5 gxh5 49. Rc3 Nxf3 50. Rd3 Nd4 51. Rg3 Nf5 52. Rg5 Bf2 53. Rxh5 Bxh4 54. Rh7 Bf2 55. Rxa7 Nd6 56. Rd7 Ke5 57. Kg2 Bc5 58. Ra7 Nc4 59. Kf3 Kd4 60. Kf4 Kc3 61. Ke4 Kb4 62. Kd5 Nb2 63. a5 bxa5 64. Rxa5 Bb6 65. Ra6 Kxb5 66. Rxb6+ Kxb6 1/2-1/2


[Site "https://www.chess.com"]

[Event "Titled Tuesday Blitz December 7 2021"]
[White "Zierk, Steven"]
[Black "Rakhmanov, Aleksandr"]
[WhiteFideId "2034255"]
[BlackFideId "4173708"]
[WhiteElo "2494"]
[BlackElo "2500"]
[Result "1-0"]
[Round "07"]
[TimeControl "180+1"]
[Date "2021.12.07"]
[WhiteClock "0:00:18"]
[BlackClock "0:00:04"]

1. e4 c5 2. Nf3 Nf6 3. e5 Nd5 4. Nc3 Nxc3 5. dxc3 Nc6 6. Bc4 e6 7. O-O b6 8. Bf4 h6 9. Qe2 Qc7 10. Nd2 Bb7 11. Rfd1 O-O-O 12. Ne4 f5 13. Nd6+ Bxd6 14. exd6 Qb8 15. Be5 Qa8 16. f3 Nxe5 17. Qxe5 g5 18. a4 g4 19. a5 gxf3 20. axb6 Rdg8 21. g3 f2+ 22. Kxf2 f4 23. Rxa7 fxg3+ 24. hxg3 Qb8 25. Qxc5+ Bc6 26. Bxe6 Rf8+ 27. Kg1 Kd8 28. Rxd7+ Bxd7 29. Qc7+ Qxc7 30. dxc7+ Ke7 31. Bxd7 Rhg8 32. Rd3 Rg6 33. c8=Q Rxc8 34. Bxc8 Rxb6 35. b4 Kf6 36. Bg4 Rc6 37. Bf3 Kg5 38. Bxc6 1-0


[Site "https://www.chess.com"]

[Event "Titled Tuesday Blitz December 7 2021"]
[White "Abdilkhair, Abilmansur"]
[Black "Sarkar, Justin"]
[WhiteFideId "13716417"]
[BlackFideId "2010011"]
[WhiteElo "2063"]
[BlackElo "2038"]
[Result "1-0"]
[Round "08"]
[TimeControl "180+1"]
[Date "2021.12.07"]
[WhiteClock "0:00:05"]
[BlackClock "0:00:01"]

1. e4 e5 2. Nf3 Nc6 3. d4 exd4 4. Bc4 Bc5 5. c3 Nf6 6. b4 Bb6 7. a4 dxc3 8. a5 Bxf2+ 9. Kxf2 Nxe4+ 10. Kg1 O-O 11. Bd5 Nf6 12. Nxc3 Nxb4 13. Bg5 h6 14. Bh4 c6 15. Bb3 d5 16. Qd4 Na6 17. Rf1 Qd6 18. Bg3 Qc5 19. Qxc5 Nxc5 20. Bd1 Nfe4 21. Be5 Nxc3 22. Bxc3 Ne4 23. Bb2 c5 24. Bc2 Be6 25. Re1 f5 26. h4 Rfe8 27. Kh2 Bf7 28. Rhf1 Rad8 29. Ne5 Be6 30. g4 fxg4 31. Bxe4 dxe4 32. Kg3 Rd2 33. Bc3 Rc2 34. Re3 h5 35. Rd1 b6 36. axb6 axb6 37. Rd6 b5 38. Ng6 b4 39. Be5 c4 40. Nf4 c3 41. Rxe6 Rxe6 42. Nxe6 Rc1 43. Nd4 b3 44. Nxb3 Rc2 45. Rxc3 Re2 46. Bf4 Re1 47. Re3 1-0


[Site "https://www.chess.com"]

[Event "Titled Tuesday Blitz December 7 2021"]
[White "Adewumi, Tanitoluwa"]
[Black "Chernov, Alexander A."]
[WhiteFideId "30966396"]
[BlackFideId "4152492"]
[WhiteElo "2561"]
[BlackElo "2291"]
[Result "1-0"]
[Round "08"]
[TimeControl "180+1"]
[Date "2021.12.07"]
[WhiteClock "0:00:16"]
[BlackClock "0:00:02"]

1. e4 e5 2. Nf3 Nc6 3. c3 d6 4. d4 Be7 5. Bc4 Nf6 6. Nbd2 O-O 7. O-O exd4 8. cxd4 d5 9. exd5 Nxd5 10. Ne4 Bf5 11. Nc3 Ncb4 12. Bb3 Bf6 13. Re1 c6 14. Ne4 Be7 15. a3 Na6 16. Ne5 Nac7 17. Qf3 Bg6 18. g3 Ne6 19. Be3 Kh8 20. Rad1 Bxe4 21. Qxe4 Bf6 22. Bc2 g6 23. Bh6 Bg7 24. Bxg7+ Kxg7 25. Nxf7 Rxf7 26. Qxe6 Qf8 27. f4 Rf6 28. Qe5 Qf7 29. Bb3 Rf8 30. Re4 Kg8 31. Rde1 Rf5 32. Qe7 1-0


[Site "https://www.chess.com"]

[Event "Titled Tuesday Blitz December 7 2021"]
[White "Adly, Ahmed"]
[Black "Azadaliyev, Jahandar"]
[WhiteFideId "10601619"]
[BlackFideId "13425811"]
[WhiteElo "2875"]
[BlackElo "2754"]
[Result "0-1"]
[Round "08"]
[TimeControl "180+1"]
[Date "2021.12.07"]
[WhiteClock "0:00:14"]
[BlackClock "0:00:17"]

1. Nf3 d5 2. g3 c6 3. Bg2 Nf6 4. c4 g6 5. cxd5 cxd5 6. d4 Bg7 7. O-O O-O 8. Nc3 Nc6 9. Ne5 Bf5 10. Nxc6 bxc6 11. Bf4 Nd7 12. Rc1 Qa5 13. Qd2 Rfe8 14. Rfd1 e5 15. dxe5 Nxe5 16. b3 Ng4 17. h3 Ne5 18. Bh6 Bxh6 19. Qxh6 Rad8 20. g4 Be6 21. f4 Nd7 22. Kh1 f5 23. gxf5 Bxf5 24. Qg5 Nf8 25. e4 dxe4 26. Rxd8 Qxd8 27. Qxd8 Rxd8 28. Nxe4 Rd4 29. Nf6+ Kf7 30. Ng4 Rxf4 31. Ne5+ Ke6 32. Nxc6 a6 33. Bf1 Nd7 34. Bxa6 Bxh3 35. Kh2 Bf5 36. Kg3 Rg4+ 37. Kf3 Rh4 38. Bc8 Kd6 39. Kg3 Rh3+ 40. Kf4 Rh4+ 41. Kg3 Rg4+ 42. Kf3 h5 43. Na5 Ne5+ 44. Ke3 Re4+ 45. Kd2 Nf3+ 46. Kd3 Re1+ 47. Kc3 Rxc1+ 48. Kb4 Rxc8 49. Nc4+ Rxc4+ 0-1


[Site "https://www.chess.com"]

[Event "Titled Tuesday Blitz December 7 2021"]
[White "Aldokhin, Ivan"]
[Black "Bloomer, Josh"]
[WhiteFideId "24115720"]
[BlackFideId "2020416"]
[WhiteElo "2557"]
[BlackElo "2432"]
[Result "1-0"]
[Round "08"]
[TimeControl "180+1"]
[Date "2021.12.07"]
[WhiteClock "0:00:18"]
[BlackClock "0:00:09"]

1. e4 c5 2. Nf3 d6 3. d4 cxd4 4. Nxd4 Nf6 5. Nc3 a6 6. Bc4 e6 7. Bb3 b5 8. O-O Be7 9. Qf3 Qc7 10. Re1 O-O 11. Qg3 Kh8 12. Bg5 Nc6 13. Nxc6 Qxc6 14. Nd5 exd5 15. Bxf6 Bxf6 16. Bxd5 Qxc2 17. Bxa8 Bxb2 18. Qxd6 Rg8 19. Rad1 Bg4 20. f3 Bc3 21. Rf1 Be6 22. Bd5 Bxd5 23. Qxd5 b4 24. Qxf7 Qb2 25. Qb3 Qe2 26. Rd5 Rf8 27. Rfd1 Be1 28. Qd3 Qf2+ 29. Kh1 h6 30. e5 Qh4 31. Rd8 Rxd8 32. Qxd8+ Qxd8 33. Rxd8+ Kh7 34. e6 Bh4 35. Rd4 a5 36. Rxh4 1-0


[Site "https://www.chess.com"]

[Event "Titled Tuesday Blitz December 7 2021"]
[White "Alinasab, Mobina"]
[Black "Shkapenko, Pavel"]
[WhiteFideId "12528897"]
[BlackFideId "4151933"]
[WhiteElo "2617"]
[BlackElo "2754"]
[Result "0-1"]
[Round "08"]
[TimeControl "180+1"]
[Date "2021.12.07"]
[WhiteClock "0:00:02"]
[BlackClock "0:00:50"]

1. e4 e5 2. Nf3 Nc6 3. Bb5 Bc5 4. O-O d6 5. c3 Bd7 6. d4 Bb6 7. dxe5 dxe5 8. Bxc6 Bxc6 9. Nxe5 Qxd1 10. Rxd1 Bxe4 11. Re1 f5 12. Be3 Bxe3 13. Rxe3 O-O-O 14. Na3 Nh6 15. f3 Bd5 16. c4 f4 17. Re2 Be6 18. Ng6 hxg6 19. Rxe6 Rd2 20. Rxg6 Nf5 21. Re1 Ne3 22. Rxg7 Rxb2 23. Nb5 Rd8 24. Rxc7+ Kb8 25. Rg7 a6 26. Nc3 Rdd2 27. Ne4 Rdc2 28. Nd6 Rxg2+ 29. Rxg2 Rxg2+ 30. Kh1 Rd2 31. Ne4 Rxa2 32. h4 Ng2 33. Rf1 Nxh4 34. Ng5 Nf5 35. Kg1 Ne3 36. Rc1 Rg2+ 37. Kh1 Rxg5 0-1


[Site "https://www.chess.com"]

[Event "Titled Tuesday Blitz December 7 2021"]
[White "Aradhya, Garg"]
[Black "Mezentsev, Ivan"]
[WhiteFideId "25006746"]
[BlackFideId "13706195"]
[WhiteElo "2684"]
[BlackElo "2515"]
[Result "1-0"]
[Round "08"]
[TimeControl "180+1"]
[Date "2021.12.07"]
[WhiteClock "0:00:31"]
[BlackClock "0:00:14"]

1. d4 Nf6 2. Nf3 g6 3. Bg5 Bg7 4. Nbd2 d5 5. e3 O-O 6. Bd3 b6 7. O-O c5 8. c3 Bb7 9. Qe2 Nc6 10. a4 Qc8 11. Ne5 Nxe5 12. dxe5 Nd7 13. f4 f6 14. exf6 exf6 15. Bh4 Re8 16. Nf3 Qc7 17. Rfe1 a6 18. Rad1 c4 19. Bc2 Nc5 20. Bg3 Qf7 21. Nd4 Re7 22. f5 g5 23. Bd6 Ree8 24. Bxc5 bxc5 25. Ne6 Bf8 26. e4 d4 27. Qxc4 Rac8 28. Bb3 Kh8 29. Kh1 Bd6 30. cxd4 cxd4 31. Qxd4 Be5 32. Qf2 Qh5 33. g3 Qg4 34. Bd5 Rb8 35. Bxb7 Rxb7 36. Rd2 Reb8 37. Red1 h5 38. Rd8+ Rxd8 39. Rxd8+ Kh7 40. Qe3 Qd1+ 41. Rxd1 1-0


[Site "https://www.chess.com"]

[Event "Titled Tuesday Blitz December 7 2021"]
[White "Atakhan, Abtin"]
[Black "Guliev, Logman"]
[WhiteFideId "22502203"]
[BlackFideId "13400061"]
[WhiteElo "2613"]
[BlackElo "2459"]
[Result "1-0"]
[Round "08"]
[TimeControl "180+1"]
[Date "2021.12.07"]
[WhiteClock "0:00:05"]
[BlackClock "0:00:02"]

1. e4 e5 2. Nf3 Nc6 3. Bb5 a6 4. Ba4 Nf6 5. O-O Be7 6. Re1 b5 7. Bb3 O-O 8. a4 Rb8 9. d3 d6 10. h3 h6 11. c3 b4 12. d4 bxc3 13. bxc3 exd4 14. cxd4 Nb4 15. Nc3 a5 16. e5 dxe5 17. dxe5 Qxd1 18. Rxd1 Nh7 19. Ne4 Bf5 20. Ng3 Be6 21. Bxe6 fxe6 22. Bd2 Rfd8 23. Rdc1 c5 24. Ne4 Rd5 25. Rc4 Nf8 26. Rac1 Ng6 27. Nxc5 Nxe5 28. Nxe5 Rxe5 29. Nd7 Re2 30. Nxb8 Rxd2 31. Nc6 Bf8 32. Ne5 Re2 33. Ng6 Bd6 34. h4 h5 35. Rd1 Nd5 36. Rc6 Bb4 37. Kf1 Rb2 38. Rxe6 Nc3 39. Ra1 Kh7 40. Nf4 Rc2 41. Nxh5 Bc5 42. Kg1 Rxf2 43. Kh1 Rf5 44. Ng3 Rf4 45. Nf1 Ne4 46. Rxe4 Rxe4 47. g3 Re2 48. Rd1 Ra2 49. Rd5 Bb4 50. Ne3 Rxa4 51. Rd7 Ra3 52. Nf5 Bc3 53. g4 a4 54. h5 Bf6 55. Ra7 Ra1+ 56. Kg2 a3 57. g5 Bxg5 58. Rxg7+ Kh8 59. Rxg5 a2 60. Rg7 Rg1+ 61. Kxg1 a1=Q+ 62. Kg2 Qb2+ 63. Kg3 Qe5+ 64. Kg4 Qe4+ 65. Kg5 Qg2+ 66. Kf6 Qb2+ 67. Kg6 Qb6+ 68. Kg5 Qg1+ 69. Kf6 Qb6+ 70. Kf7 Qc7+ 71. Kg6 Qc6+ 72. Kg5 Qc1+ 73. Kg4 Qg1+ 74. Kf4 Qf2+ 75. Ke5 Qc5+ 76. Kf6 Qc6+ 77. Kf7 Qc7+ 78. Kg6 Qc6+ 79. Kg5 Qg2+ 80. Kh6 Qd2+ 81. Rg5 1-0


[Site "https://www.chess.com"]

[Event "Titled Tuesday Blitz December 7 2021"]
[White "Babazada, Khazar"]
[Black "Bortnyk, Olexandr"]
[WhiteFideId "13413554"]
[BlackFideId "14120828"]
[WhiteElo "2877"]
[BlackElo "2941"]
[Result "1-0"]
[Round "08"]
[TimeControl "180+1"]
[Date "2021.12.07"]
[WhiteClock "0:01:10"]
[BlackClock "0:00:01"]

1. Nf3 Nf6 2. g3 d6 3. Bg2 e5 4. O-O Be7 5. d4 e4 6. Nfd2 d5 7. e3 h5 8. c4 c6 9. Nc3 h4 10. f4 hxg3 11. hxg3 Ng4 12. Qe2 Bh4 13. Ndxe4 dxe4 14. Nxe4 f5 15. gxh4 Qxh4 16. Nd6+ Kd7 17. Rf3 Qh2+ 18. Kf1 Kxd6 19. e4 Na6 20. Bd2 Kc7 21. e5 Be6 22. d5 cxd5 23. cxd5 Bxd5 24. Rc3+ Bc6 25. Rxc6+ Kb8 26. Qf3 bxc6 27. Qxc6 Nc5 28. Qb5+ Kc7 29. Qxc5+ Kd7 30. Qc6+ 1-0


[Site "https://www.chess.com"]

[Event "Titled Tuesday Blitz December 7 2021"]
[White "Bach, Ngoc Thuy Duong"]
[Black "Nazaretyan, Tigran"]
[WhiteFideId "12408956"]
[BlackFideId "24162345"]
[WhiteElo "2457"]
[BlackElo "2602"]
[Result "0-1"]
[Round "08"]
[TimeControl "180+1"]
[Date "2021.12.07"]
[WhiteClock "0:00:01"]
[BlackClock "0:00:30"]

1. d4 Nf6 2. c4 c5 3. d5 e6 4. Nc3 exd5 5. cxd5 d6 6. e4 g6 7. f4 Bg7 8. Bb5+ Nfd7 9. a4 O-O 10. Nf3 Na6 11. O-O Nc7 12. Bc4 b6 13. Re1 Re8 14. h3 Ba6 15. Nb5 Bxb5 16. axb5 a6 17. bxa6 b5 18. Bf1 c4 19. a7 Nc5 20. e5 Nb3 21. Ra2 dxe5 22. d6 Ne6 23. fxe5 Qd7 24. Be3 Nec5 25. Bxc5 Nxc5 26. Qd5 Rxa7 27. Rea1 Na4 28. b3 cxb3 29. Bxb5 Qb7 30. Qxb3 Qb6+ 31. Kh1 Nc5 32. Qc4 Rxa2 33. Rxa2 Rb8 34. Rc2 Ne6 35. Bd7 Nd8 36. Qc7 Qb1+ 37. Rc1 Qb2 38. Re1 Ra8 39. Bc6 Nxc6 40. Qxc6 Rd8 41. Qc7 Qb8 42. Qxb8 Rxb8 43. Rc1 Rd8 44. Rc7 h6 45. Kg1 Kf8 46. Kf1 f6 47. d7 fxe5 0-1


[Site "https://www.chess.com"]